 Dungeon Sprint DCSS version 0.18.1-8-gdd0e5ea (webtiles) character file.

2433 Hipnos the Imperceptible (level 9, 0/40 (42) HPs)
             Began as a Spriggan Enchanter on May 21, 2016.
             Was a Priest of Jiyva.
             Succumbed to a death drake's dark miasma
             ... in the Dungeon (Sprint II: "The Violet Keep of Menkaure").
             The game lasted 00:06:08 (726 turns).

Hipnos the Imperceptible (Spriggan Enchanter)        Turns: 726, Time: 00:06:09

HP:   0/40 (42)     AC:  3    Str:  5    XL:     9   Next: 24%
MP:   16/22         EV: 24    Int: 22    God:    Jiyva [***...]
Gold: 230           SH:  0    Dex: 20    Spells: 4 memorised, 15 levels left

rFire  + + .     SeeInvis +     a - +1 dagger
rCold  + . .     Gourm    .     b - +1 robe
rNeg   . . .     Faith    .     (shield restricted)
rPois  .         Spirit   .     (helmet restricted)
rElec  +         Dismiss  .     (no cloak)
rCorr  +         Reflect  +     (gloves unavailable)
SustAt .         Harm     .     (boots unavailable)
MR     +....     NoTele   +     k - +2 amulet of reflection
Stlth  +++.......               l - ring of protection from fire
                                i - ring of Temptation {Fragile rElec rF+ rC+}

@: confused, brilliant, lethally poisoned (0 -> -96), non-regenerating,
diseased, slowed, quick, somewhat resistant to hostile enchantments, fairly
stealthy
A: unfitting armour, see invisible, agile 1, herbivore 3, speed 3, slow
metabolism 2
a: Request Jelly, Jelly Paralyse, Renounce Religion


You were in the Dungeon.
You worshipped Jiyva.
Jiyva was most pleased with you.
You were not hungry.

You visited 1 branch You collected 1134 gold pieces.
You spent 904 gold pieces at shops.

Inventory:

Hand Weapons
 a - a +1 dagger (weapon)
Armour
 b - a +1 robe (worn)
Jewellery
 i - the ring of Temptation (left hand) {Fragile rElec rF+ rC+}
   (You bought it in a shop in the Dungeon)

   [ring of protection from cold]

   It protects you from fire.
   It protects you from cold.
   It insulates you from electricity.
   It will be destroyed if unequipped.
 k - a +2 amulet of reflection (around neck)
 l - a ring of protection from fire (right hand)
Scrolls
 j - a scroll of blinking
Potions
 e - a potion of brilliance
 g - a potion of haste
 h - 2 potions of magic
Books
 c - a book of Maledictions

   Spells                             Type                      Level
   a - Corona                         Hexes                        1
   b - Ensorcelled Hibernation        Hexes/Ice                    2
   c - Confuse                        Hexes                        3
   d - Tukima's Dance                 Hexes                        3
   e - Dazzling Spray                 Conjuration/Hexes            3
Comestibles
 d - a bread ration


   Skills:
 + Level 2.0 Fighting
 + Level 3.2 Short Blades
 + Level 7.6 Dodging
 * Level 21.3 Stealth
 + Level 8.3 Spellcasting
 * Level 13.9 Hexes


You had 15 spell levels left.
You knew the following spells:

 Your Spells              Type           Power        Failure   Level  Hunger
a - Corona                Hex            ######.      1%          1    None
b - Ensorcelled Hibernat  Hex/Ice        ######       1%          2    None
c - Confuse               Hex            ######..     1%          3    None
d - Dazzling Spray        Conj/Hex       ######..     1%          3    None


Dungeon Overview and Level Annotations

Branches:
Dungeon (1/1)

Altars:
Cheibriados
Dithmenos
Elyvilon
Fedhas
Gozag
Kikubaaqudgha
Makhleb
Nemelex Xobeh
Okawaru
Pakellas
Qazlal
Ru
Sif Muna
Trog
Vehumet
Xom
Yredelemnul
Zin
The Shining One
Beogh
Jiyva
Lugonu

Shops:
D [:!%%((!=?[[?=:}

Annotations:
D exclusion: oklob plant


Innate Abilities, Weirdness & Mutations

You are tiny and cannot use many weapons and most armour.
You have supernaturally acute eyesight.
You are a herbivore.
You cover ground extremely quickly.
You need consume almost no food.
You are agile. (Dex +2)


Message History

You feel as though you will be slow longer.
You feel sick. The death drake breathes miasma at you.
The foul vapour engulfs you!
You are more poisoned.
You feel your flesh rotting away!
* * * LOW HITPOINT WARNING * * *
Drink which item? (? for menu, Esc to quit)
You feel much better.
You are engulfed in dark miasma.
You are more poisoned.
You feel your flesh rotting away!
You feel as though you will be slow longer.
You feel extremely sick. The death drake bites you.
You're too confused!
Drink which item? (? for menu, Esc to quit)
It was a potion of brilliance.
You feel clever all of a sudden.
You are engulfed in dark miasma.
You are more poisoned.
You feel your flesh rotting away!
* * * LOW HITPOINT WARNING * * *
You die...

§§≈≈§§≈ ...## ≈≈≈§ ....##
++#+++## ...#k## .......#
.^#§.# ##'##..# #.#kk#
#...##.#### +.##k# ..#).#
...# #...####
#...####..#####8k##.# %?$
##'###)##..#..'.@#.%#▓![)?!
##.##.#.#..#.(#^.#..#▓$(?$$
'.<.'###...####†.##.#▓?$[[?
##.##.#.#....###...##▓▓▓▓▓▓
##'###(##......≈≈≈≈≈≈≈≈≈≈≈≈
#.#.####§≈....§≈#'########+
..#†.#≈≈≈≈≈≈≈..≈#......JJ#≈
##.###§§≈≈§§≈≈.≈#._._....#≈
##+##≈≈§§≈§§≈≈≈≈#_._._...#§


You could see 2 death drakes, a crystal guardian and a swamp drake.

Vanquished Creatures
  A siren (D)
  A yaktaur (D)
  3 polar bears (D)
  2 redbacks (D)
  A vampire mosquito (D)
  2 hippogriffs (D)
  Menkaure (D)
  A wasp (D)
  4 necrophages (D)
  An electric eel (D)
  4 worker ants (D)
21 creatures vanquished.

Vanquished Creatures (others)
  A crocodile (D)
1 creature vanquished.

Grand Total: 22 creatures vanquished

Notes
Turn   | Place    | Note
--------------------------------------------------------------
     0 | D        | Hipnos the Spriggan Enchanter began the quest for the Orb.
     0 | D        | Reached XP level 1. HP: 9/9 MP: 5/5
     1 | D        | Noticed a worker ant
     1 | D        | Noticed a worker ant
     1 | D        | Noticed a worker ant
     1 | D        | Noticed a worker ant
     9 | D        | Killed a worker ant
     9 | D        | Reached skill level 7 in Stealth
     9 | D        | Reached skill level 5 in Hexes
     9 | D        | Reached XP level 2. HP: 4/13 MP: 7/7
    12 | D        | Reached skill level 8 in Stealth
    12 | D        | Reached XP level 3. HP: 5/17 MP: 9/9
    43 | D        | Learned a level 2 spell: Ensorcelled Hibernation
    47 | D        | Learned a level 3 spell: Confuse
    75 | D        | Killed a crocodile
   164 | D        | Reached skill level 9 in Stealth
   164 | D        | Reached XP level 4. HP: 21/21 MP: 11/11
   166 | D        | Reached skill level 10 in Stealth
   178 | D        | Noticed a hippogriff
   178 | D        | Noticed a hippogriff
   181 | D        | Killed a hippogriff
   181 | D        | Reached skill level 5 in Dodging
   181 | D        | Reached skill level 12 in Stealth
   181 | D        | Reached skill level 5 in Spellcasting
   181 | D        | Reached XP level 5. HP: 25/25 MP: 11/13
   184 | D        | Killed a hippogriff
   184 | D        | Reached skill level 14 in Stealth
   184 | D        | Reached skill level 10 in Hexes
   184 | D        | Reached XP level 6. HP: 29/29 MP: 12/15
   192 | D        | Learned a level 3 spell: Dazzling Spray
   192 | D        | Noticed a siren
   195 | D        | Killed a siren
   195 | D        | Reached skill level 16 in Stealth
   195 | D        | Reached XP level 7. HP: 32/32 MP: 13/17
   210 | D        | Reached skill level 17 in Stealth
   331 | D        | Noticed an ice statue
   334 | D        | Noticed Menkaure
   341 | D        | Found Laxzad's Book Boutique.
   341 | D        | Found Likatoegg's Gadget Shop.
   342 | D        | Found Cugrat's Armour Shop.
   342 | D        | Found Ihumem's Magic Scroll Boutique.
   342 | D        | Found Seran's Jewellery Shop.
   343 | D        | Found Ymiricua's Jewellery Shop.
   343 | D        | Found Tuneluce's Distillery.
   343 | D        | Found Luafe's Magic Scroll Boutique.
   343 | D        | Found Deney's Antique Armour Shop.
   346 | D        | Killed Menkaure
   346 | D        | Reached skill level 1 in Fighting
   346 | D        | Reached skill level 18 in Stealth
   346 | D        | Reached XP level 8. HP: 25/37 MP: 12/18
   425 | D        | Found Uzubufo's Weapon Boutique.
   425 | D        | Found Yshut's Food Shop.
   426 | D        | Found Nyhiu's Antique Weapon Boutique.
   444 | D        | Noticed a hell hog
   444 | D        | Found Odghir's Food Boutique.
   444 | D        | Found Cohu's Distillery.
   444 | D        | Noticed an oklob plant
   445 | D        | Found Faif's Book Shoppe.
   445 | D        | Found Fumeod's Antique Armour Boutique.
   446 | D        | Noticed a hell hog
   449 | D        | Bought the ring of Temptation {Fragile rElec rF+ rC+} for 404 gold pieces
   449 | D        | Bought a +2 amulet of reflection for 250 gold pieces
   449 | D        | Bought an uncursed ring of protection from fire for 250 gold pieces
   552 | D        | Found a corrupted altar of Lugonu.
   552 | D        | Found a glowing silver altar of Zin.
   553 | D        | Found a deep blue altar of Sif Muna.
   553 | D        | Found a roughly hewn altar of Beogh.
   553 | D        | Found an ancient bone altar of Kikubaaqudgha.
   554 | D        | Found an opulent altar of Gozag.
   554 | D        | Found a basalt altar of Yredelemnul.
   554 | D        | Found a viscous altar of Jiyva.
   555 | D        | Found a sparkling altar of Nemelex Xobeh.
   555 | D        | Found an iron altar of Okawaru.
   555 | D        | Found a blossoming altar of Fedhas.
   555 | D        | Found a radiant altar of Vehumet.
   556 | D        | Found a shimmering altar of Xom.
   556 | D        | Found a sacrificial altar of Ru.
   556 | D        | Found a bloodstained altar of Trog.
   557 | D        | Found a white marble altar of Elyvilon.
   557 | D        | Found a glowing golden altar of the Shining One.
   558 | D        | Found a snail-covered altar of Cheibriados.
   560 | D        | Found an oddly glowing altar of Pakellas.
   560 | D        | Found a shadowy altar of Dithmenos.
   560 | D        | Noticed a polar bear
   561 | D        | Found a burning altar of Makhleb.
   561 | D        | Found a stormy altar of Qazlal.
   561 | D        | Noticed a yaktaur
   568 | D        | Became a worshipper of Jiyva Juipn the Shapeless
   579 | D        | Noticed a polar bear
   579 | D        | Noticed a polar bear
   601 | D        | Reached * piety under Jiyva
   602 | D        | Reached ** piety under Jiyva
   606 | D        | Reached *** piety under Jiyva
   614 | D        | Killed a polar bear
   614 | D        | Reached skill level 19 in Stealth
   615 | D        | Gained mutation: You are agile. (Dex +2) [Jiyva's grace]
   621 | D        | Killed a yaktaur
   669 | D        | Killed a polar bear
   669 | D        | Reached skill level 20 in Stealth
   693 | D        | Killed a polar bear
   693 | D        | Reached XP level 9. HP: 31/42 MP: 11/21
   708 | D        | Reached skill level 21 in Stealth
   715 | D        | Noticed a death drake
   718 | D        | Noticed a death drake
   718 | D        | Noticed a crystal guardian
   726 | D        | Succumbed to a death drake's dark miasma

Skill      XL: |  1  2  3  4  5  6  7  8  9 |
---------------+----------------------------+-----
Stealth        | 7 8 9 12 14 16 18 20 21 | 21.3
Spellcasting   | 3 4 5 6 7 8 |  8.3
Hexes          | 5 6 7 9 10 11 12 13 | 13.9
Dodging        | 5 6 7 |  7.6
Short Blades   | 2 3 |  3.2
Fighting       | 1 2 |  2.0

Action                   |  1- 3 |  4- 6 |  7- 9 || total
-------------------------+-------+-------+-------++-------
Melee: Dagger            |     9 |     4 |    26 ||    39
 Cast: Confuse           |       |       |    10 ||    10
  Use: Potion            |     2 |       |     2 ||     4
 Stab: Sleeping          |     2 |     4 |     6 ||    12
       Confused          |       |       |     9 ||     9
Armor: Robe              |     2 |       |     1 ||     3
Dodge: Dodged            |     9 |       |    15 ||    24
